 Dungeon Crawl Stone Soup version 0.23-a0-550-g7de1f8e (webtiles) character file.

2046 iamserjio the Ruffian (level 9, -1/82 HPs)
             Began as a Naga Wanderer on Dec 8, 2018.
             Was an Initiate of Gozag.
             Slain by an orc warrior
             ... wielding a +0 dire flail
              (25 damage)
             ... on level 6 of the Dungeon.
             The game lasted 00:24:12 (10226 turns).

iamserjio the Ruffian (Naga Wanderer)              Turns: 10226, Time: 00:24:13

Health: -1/82      AC:  2    Str: 14    XL:     9   Next: 24%
Magic:  12/13      EV: 18    Int: 16    God:    Gozag
Gold:   304        SH:  0    Dex: 16    Spells: 3/13 levels left

rFire    . . .     SeeInvis +     - Unarmed
rCold    . . .     Gourm    .   (shield currently unavailable)
rNeg     . . .     Faith    .   (armour currently unavailable)
rPois    x         Spirit   .   (helmet currently unavailable)
rElec    .         Reflect  .   (cloak currently unavailable)
rCorr    .         Harm     .   (gloves currently unavailable)
MR       ++...                  (no barding)
Stlth    ++........             y - amulet of the acrobat
HPRegen  0.23/turn              w - ring of protection from magic
MPRegen  0.13/turn              (no ring)

@: spider-form (expiring), gold aura, starving
A: tiny, see invisible, slow metabolism 1, spit poison 1, AC +3
a: Spit Poison, End Transformation, Potion Petition, Call Merchant, Bribe
Branch, Renounce Religion


You were on level 6 of the Dungeon.
You worshipped Gozag.
Gozag was aware of your devotion.
You were starving.
You were a venomous arachnid creature.
You visited 2 branches of the dungeon, and saw 7 of its levels.

You collected 410 gold pieces.
You paid 106 gold pieces to Gozag.

Inventory:

Hand Weapons
 a - a +0 hunting sling
 e - a +0 club
 f - a +0 dagger
 l - a +0 spear
 x - a +0 trident
Missiles
 m - 283 stones (quivered)
 q - 22 sling bullets
 s - 19 poisoned needles
 v - 140 arrows
 A - 7 tomahawks
Armour
 d - a +0 robe
 i - a cursed +0 ring mail
 k - a +0 scale mail
 p - a +0 ring mail
 r - a +0 buckler
 t - a +0 pair of gloves (melded)
 z - a +0 leather armour (melded)
 I - a +0 shield
 L - a scarf of repulsion (melded)
Jewellery
 w - a ring of protection from magic (left front leg)
 y - an amulet of the acrobat (around neck)
Wands
 h - a wand of scattershot (4)
 C - a wand of paralysis (3)
 K - a wand of acid (3)
Scrolls
 b - 2 scrolls of teleportation
 c - a scroll of enchant armour
 j - 5 scrolls of remove curse {@r2}
 u - 2 scrolls of amnesia
 B - 2 scrolls of fog {unknown}
 G - a scroll of fear {unknown}
 N - a scroll of enchant weapon {unknown}
 P - a scroll of random uselessness {unknown}
Potions
 n - 4 potions of curing {@q1}
 o - 3 potions of haste
 D - a potion of resistance {unknown}
 E - a potion of ambrosia
 F - a potion of mutation {unknown}
 H - 2 potions of degeneration {unknown}
 J - a potion of magic {unknown}
 M - a potion of might
 O - a potion of cancellation {unknown}
Comestibles
 g - 6 rations


   Skills:
 + Level 5.8 Fighting
 - Level 1.0 Dodging
 - Level 3.0 Stealth
 * Level 7.7 Unarmed Combat
 + Level 2.9 Spellcasting
   Level 1.0 Translocations
 + Level 6.2 Transmutations
 - Level 2.0 Poison Magic
 - Level 2.0 Evocations


You had 3 spell levels left.
You knew the following spells:

 Your Spells              Type           Power        Failure   Level  Hunger
a - Beastly Appendage     Tmut           ###...       7%          1    #......
b - Sticks to Snakes      Tmut           ###.....     9%          2    ##.....
c - Spider Form           Tmut/Pois      ###.......   26%         3    ###....
d - Ice Form              Ice/Tmut       ##......     67%         4    #####..

Your spell library contained the following spells:

 Spells                   Type           Power        Failure   Level  Hunger
 Flame Tongue             Conj/Fire      #....        38%         1    #......
 Mephitic Cloud           Conj/Pois/Air  #.......     63%         3    ###....
 Blade Hands              Tmut           ###.......   61%         5    ######.


Dungeon Overview and Level Annotations

Branches:
Dungeon (6/15)             Temple (1/1) D:6

Altars:
Cheibriados
Dithmenos
Elyvilon
Fedhas
Gozag
Kikubaaqudgha
Makhleb
Nemelex Xobeh
Ru
Sif Muna
Trog
Vehumet
Wu Jian
Xom
Yredelemnul
Zin
The Shining One


Innate Abilities, Weirdness & Mutations

You cannot wear boots.
((Your serpentine skin is tough. (AC +3)))
You have supernaturally acute eyesight. (SInv)
((Armour fits poorly on your strangely shaped body.))
((Your system is resistant to poisons. (rPois)))
((You cover ground very slowly.))
You have a slow metabolism.
You can spit poison.


Message History

The orc warrior misses you.
You hit the orc warrior but do no damage.
The orc warrior looks as sick as possible!
You hit the orc warrior but do no damage.
Your transformation is almost over.
The orc warrior hits you with a +0 dire flail!
You hit the orc warrior but do no damage.
The orc warrior looks as sick as possible!
The orc warrior hits you with a +0 dire flail!
You hit the orc warrior but do no damage.
The orc warrior looks as sick as possible!
The orc warrior hits you with a +0 dire flail!!
* * * LOW HITPOINT WARNING * * *
Aiming: Corrosive Bolt
Aim: an orc wizard, wielding a +0 dagger and wearing a +0 robe (slightly The bolt of acid hits the orc warrior.
The orc warrior is splashed with acid.
The bolt of acid misses the orc wizard.
The orc warrior hits you with a +0 dire flail!!
You die...
Your body crumbles into a pile of gold.

#################
.....oos$.......## .
###############..# .
#.....#.# . #.....#.##
. ########.....#..# ..
#......#.....##.####..
+......'.....'.....+..
#......#.....##..###..
########.....###.# ..


You could see an orc warrior and an orc wizard (invisible).

Vanquished Creatures
  Eustachio (D:5)
  Menkaure (D:5)
  Edmund (D:6)
  An ice beast (D:4)
  2 sky beasts
  2 orc warriors
  2 centaurs (D:5)
  An ogre (D:6)
  A bullfrog (D:5)
  A scorpion (D:4)
  A howler monkey (D:5)
  A bullfrog zombie (D:6)
  3 orc wizards
  3 orc priests
  3 hounds
  An iguana (D:6)
  Natasha (thrice) (D:3)
  6 worker ants
  A worker ant zombie (D:5)
  6 adders
  6 gnolls
  A shadow imp (D:5)
  An ooze (D:3)
  An adder zombie (D:5)
  2 worms (D:2)
  3 dart slugs (D:2)
  5 leopard geckos
  18 orcs
  6 bats
  7 giant cockroaches
  7 goblins
  6 hobgoblins
  3 jackals
  2 quokkas
  8 frilled lizards
  A giant cockroach zombie (D:5)
  A jackal zombie (D:6)
  6 kobolds
  A quokka zombie (D:5)
  13 rats
139 creatures vanquished.

Notes
Turn   | Place    | Note
-------+----------+-------------------------------------------
     0 | D:1      | iamserjio the Naga Wanderer began the quest for the Orb.
     0 | D:1      | iamserjio set off with the following items: a potion of
                  | lignification, a +0 robe, a +0 club, a +0 dagger, a ration;
                  | and the following spells available to memorise: Beastly
                  | Appendage, Sticks to Snakes, Flame Tongue, Spider Form,
                  | Mephitic Cloud, Ice Form, Blade Hands
     0 | D:1      | Reached XP level 1. HP: 19/19 MP: 2/2
     2 | D:1      | Learned a level 1 spell: Beastly Appendage
   488 | D:1      | Reached skill level 1 in Unarmed Combat
   488 | D:1      | Reached XP level 2. HP: 26/26 MP: 3/3
   492 | D:1      | Learned a level 2 spell: Sticks to Snakes
   846 | D:1      | You fall through a shaft!
  1273 | D:1      | Reached XP level 3. HP: 33/33 MP: 4/4
  2159 | D:2      | Reached skill level 2 in Unarmed Combat
  2430 | D:2      | Reached XP level 4. HP: 8/40 MP: 4/6
  3253 | D:2      | Found an ancient bone altar of Kikubaaqudgha.
  3597 | D:2      | Learned a level 3 spell: Spider Form
  4800 | D:3      | Reached XP level 5. HP: 46/46 MP: 3/7
  5069 | D:3      | Noticed Natasha
  5078 | D:3      | Killed Natasha
  5078 | D:3      | Reached skill level 1 in Poison Magic
  5085 | D:3      | Noticed Natasha
  5093 | D:3      | Killed Natasha
  5093 | D:3      | Reached skill level 1 in Evocations
  5145 | D:3      | Reached skill level 3 in Unarmed Combat
  5195 | D:3      | Noticed Natasha
  5203 | D:3      | Killed Natasha
  5604 | D:4      | Reached XP level 6. HP: 52/56 MP: 2/9
  5880 | D:4      | Found a white marble altar of Elyvilon.
  6419 | D:4      | Noticed an ice beast
  6436 | D:4      | Killed an ice beast
  6436 | D:4      | Reached skill level 4 in Unarmed Combat
  6436 | D:4      | Reached XP level 7. HP: 62/62 MP: 10/10
  6647 | D:4      | Learned a level 4 spell: Ice Form
  6648 | D:5      | Entered Level 5 of the Dungeon
  6947 | D:5      | Reached skill level 5 in Unarmed Combat
  7032 | D:5      | Noticed Menkaure
  7045 | D:5      | HP: 2/64 [Menkaure (20)]
  7048 | D:5      | Killed Menkaure
  7444 | D:4      | Reached XP level 8. HP: 51/73 MP: 7/11
  7450 | D:4      | Reached skill level 5 in Transmutations
  7632 | D:5      | Noticed Eustachio
  7661 | D:5      | Killed Eustachio
  7661 | D:5      | Reached skill level 6 in Unarmed Combat
  7976 | D:5      | Reached skill level 5 in Fighting
  8307 | D:5      | Found a blossoming altar of Fedhas.
  9166 | D:6      | Reached skill level 7 in Unarmed Combat
  9554 | D:6      | Found a staircase to the Ecumenical Temple.
  9583 | D:6      | Reached XP level 9. HP: 72/81 MP: 8/12
  9596 | Temple   | Entered the Ecumenical Temple
  9661 | Temple   | Became a worshipper of Gozag Ym Sagoz the Greedy
  9911 | D:6      | Noticed Edmund
  9924 | D:6      | Killed Edmund
 10066 | D:6      | Found a radiant altar of Vehumet.
 10226 | D:6      | Slain by an orc warrior

Vault maps used:
D:1:      saegor_arrival_simple_a
D:2:      nicolae_overflow_crystal_walls, first_ration, minmay_mini_jars
D:3:      chequers_mini_garden, uniq_natasha
D:4:      marbit_many_paths
D:5:      overflow_temple_1_default, uniq_eustachio, uniq_menkaure
D:6:      lemuel_crystal_altar, temple_pool_b, uniq_edmund,
          uniq_crazy_yiuf_cottage
Temple:   cyrus_circular_temple

Skill      XL: |  1  2  3  4  5  6  7  8  9 |
---------------+----------------------------+-----
Unarmed Combat | 1 2 3 4 5 7 |  7.7
Poison Magic   | 1 2 |  2.0
Spellcasting   | 2 |  2.9
Evocations     | 1 2 |  2.0
Fighting       | 3 4 5 |  5.8
Transmutations | 4 5 6 |  6.2
Dodging        | |  1.0
Stealth        | |  3.0
Translocations | |  1.0

Action                   |  1- 3 |  4- 6 |  7- 9 || total
-------------------------+-------+-------+-------++-------
Melee: Club              |    44 |       |       ||    44
       Headbutt          |    11 |     7 |       ||    18
       Unarmed           |    79 |   265 |   203 ||   547
       Punch             |       |       |     1 ||     1
Throw: Stone             |       |       |     2 ||     2
 Cast: Beastly Appendage |    10 |    10 |       ||    20
       Spider Form       |       |    14 |    18 ||    32
 Abil: Spit Poison       |    24 |    15 |     4 ||    43
Evoke: Wand              |       |     2 |     5 ||     7
  Use: Potion            |     2 |       |       ||     2
       Scroll            |     2 |     3 |     2 ||     7
 Stab: Sleeping          |     3 |     1 |     2 ||     6
       Paralysed         |       |     9 |     4 ||    13
       Distracted        |       |       |     1 ||     1
  Eat: Chunk             |     5 |    10 |    10 ||    25
       Ration            |       |     1 |       ||     1
Armor: Robe              |    24 |    34 |     6 ||    64
       Skin              |     1 |     4 |    10 ||    15
       Leather armour    |       |       |    13 ||    13
Dodge: Dodged            |    88 |   161 |   162 ||   411

Table legend:
 A = Non-vault XP
 B = Vault XP
 C = Vault XP percentage of total XP
 D = Non-vault monster count
 E = Vault monster count
 F = Vault count percentage of total count
                 A         B        C        D         E       F
            +---------+---------+-------+---------+---------+-------
      Total |    2326 |     598 |  20.5 |     124 |      15 |  10.8
            +---------+---------+-------+---------+---------+-------
        D:1 |      60 |       0 |   0.0 |      21 |       0 |   0.0
        D:2 |      66 |      25 |  27.5 |      21 |      10 |  32.3
        D:3 |     122 |      36 |  22.8 |      20 |       1 |   4.8
        D:4 |     567 |       2 |   0.4 |      19 |       1 |   5.0
        D:5 |     794 |     386 |  32.7 |      24 |       2 |   7.7
        D:6 |     717 |     149 |  17.2 |      19 |       1 |   5.0
            +---------+---------+-------+---------+---------+-------
